[Event "Team 45 45 League T73"]
[Site "Internet Chess Club"]
[Date "2017.08.06"]
[Round "8"]
[White "laurenpar"]
[Black "Signalman"]
[Result "0-1"]
[WhiteElo "1899"]
[BlackElo "1868"]
[Opening "English opening"]
[ECO "A13"]
[Time "04:07:56"]
[TimeControl "2700+45"]

1. c4 e6 2. Nc3 b6 3. e4 Bb7 4. Nf3 Bb4 5. Bd3 Ne7 6. a3 Bxc3 7. dxc3 d6 8. O-O
Nd7 9. b4 O-O 10. Nd4 c5 11. Nc2 Ne5 12. Ne3 Nxd3 13. Qxd3 Qc7 14. f3 Ng6 15.
Rd1 Rfd8 16. Bd2 Ne5 17. Qe2 Ng6 18. Be1 Nf4 19. Qa2 Qe7 20. Bg3 Nh5 21. Qf2
Nxg3 22. Qxg3 Rd7 23. Ra2 Rad8 24. Rad2 a6 25. Qf4 h6 26. Qg3 Bc6 27. Rd3 Ba4
28. R1d2 Bc6 29. Qe1 Ba4 30. Qb1 b5 31. cxb5 axb5 32. Nd1 d5 33. Nf2 c4 34. Rd4
f6 35. Qe1 Qd6 36. exd5 e5 37. Rh4 Qe7 38. Ne4 Rxd5 39. Rxd5 Rxd5 40. Qe3 Rd1+
41. Kf2 f5 42. Ng5 hxg5 43. Rh5 f4 44. Qe4 Qa7+ 45. Ke2 Qd7 {White resigns} 0-1

[Event "Team 45 45 League T73"]
[Site "Internet Chess Club"]
[Date "2017.08.07"]
[Round "8"]
[White "gera-carp75"]
[Black "cadmiumorange"]
[Result "1/2-1/2"]
[WhiteElo "1889"]
[BlackElo "1831"]
[Opening "Robatsch (modern) defense"]
[ECO "B06"]
[Time "09:14:45"]
[TimeControl "2700+45"]

1. e4 g6 2. d4 Bg7 3. Nc3 d6 4. Bg5 a6 5. f4 b5 6. a4 b4 7. Nd5 c5 8. c3 bxc3 9.
bxc3 Be6 10. Ne3 cxd4 11. cxd4 Qa5+ {Game drawn by mutual agreement} 1/2-1/2

[Event "Team 45 45 League T73"]
[Site "Internet Chess Club"]
[Date "2017.08.03"]
[Round "8"]
[White "ChessRooklift"]
[Black "backrankbrawler"]
[Result "0-1"]
[WhiteElo "1732"]
[BlackElo "1717"]
[Opening "English opening"]
[ECO "A17"]
[Time "13:05:13"]
[TimeControl "2700+45"]

1. c4 Nf6 2. Nc3 e6 3. g3 d5 4. cxd5 exd5 5. Bg2 c6 6. d4 Bf5 7. Nf3 Bd6 8. Nh4
Bg4 9. Qc2 Nbd7 10. h3 Bh5 11. Nf5 Bf8 12. Bf4 Bg6 13. O-O Qb6 14. e4 Bxf5 15.
exf5 O-O-O 16. Na4 Qxd4 17. b3 Nh5 18. Be3 Qe5 19. Bxa7 Bd6 20. Rfe1 Qf6 21.
Bxd5 Bc7 22. Bg2 g6 23. Rac1 Rhe8 24. Red1 gxf5 25. Bf1 Rg8 26. Bg2 f4 27. g4 f3
28. Bf1 Qf4 29. Qxc6 Qh2# {White checkmated} 0-1

[Event "Team 45 45 League T73"]
[Site "Internet Chess Club"]
[Date "2017.08.03"]
[Round "8"]
[White "rookbattery"]
[Black "cityprosecutor"]
[Result "1/2-1/2"]
[WhiteElo "1604"]
[BlackElo "1702"]
[Opening "Pirc defense"]
[ECO "B07"]
[Time "23:00:30"]
[TimeControl "2700+45"]

1. e4 d6 2. d4 Nf6 3. Nc3 g6 4. Nge2 Nc6 5. f3 Bg7 6. Be3 O-O 7. Qd2 e5 8. g4
Nxd4 9. Nxd4 exd4 10. Bxd4 c5 11. Be3 Qa5 12. Bc4 a6 13. Bh6 b5 14. Bxg7 Kxg7
15. Bd5 Rb8 16. h4 h5 17. g5 Nxd5 18. Nxd5 Qxd2+ 19. Kxd2 Be6 20. f4 Bxd5 21.
exd5 Rbe8 22. Rae1 f5 23. Rxe8 Rxe8 24. Re1 Rxe1 25. Kxe1 Kf7 26. Kd2 Ke7 27. b3
Kd7 28. c4 Kc7 29. a4 Kb6 30. axb5 axb5 31. cxb5 Ka5 32. Kd3 Kxb5 {Game drawn by
mutual agreement} 1/2-1/2

[Event "Team 45 45 League T73"]
[Site "Internet Chess Club"]
[Date "2017.08.08"]
[Round "8"]
[White "SlimeDog2"]
[Black "ChessHouston"]
[Result "0-1"]
[WhiteElo "1992"]
[BlackElo "1726"]
[Opening "Queen's Indian: old main line, 6.O-O"]
[ECO "E17"]
[Time "15:30:43"]
[TimeControl "2700+45"]

1. Nf3 Nf6 2. d4 b6 3. g3 Bb7 4. Bg2 e6 5. O-O Be7 6. c4 d6 7. Nc3 Nbd7 8. d5 e5
9. e4 a5 10. Ne1 Nf8 11. Nd3 Ng6 12. Be3 h5 13. f4 Ng4 14. Bd2 exf4 15. gxf4 Bf6
16. Ne2 Qe7 17. h3 Nh4 18. Bh1 Nh6 19. Kh2 Bc8 20. Qe1 g5 21. Ng3 g4 22. e5 gxh3
23. Bf3 Nxf3+ 24. Rxf3 Ng4+ 25. Kh1 dxe5 26. fxe5 Nxe5 27. Nxe5 Bxe5 28. Re3 f6
29. Bc3 Kd8 30. Bxe5 fxe5 31. Rxe5 Qg7 32. Qe3 Rg8 33. Rg1 h2 34. Re1 Bd7 35.
Rxh5 Kc8 36. Kxh2 Kb7 37. Qe5 Qg6 38. Qe4 Qxg3+ {White resigns} 0-1

[Event "Team 45 45 League T73"]
[Site "Internet Chess Club"]
[Date "2017.08.04"]
[Round "8"]
[White "Yedixon"]
[Black "passedpawn"]
[Result "0-1"]
[WhiteElo "1708"]
[BlackElo "1850"]
[Opening "Sicilian: Hungarian variation"]
[ECO "B27"]
[Time "21:18:48"]
[TimeControl "2700+45"]

1. e4 c5 2. Nf3 g6 3. c3 Bg7 4. b3 d5 5. Bd3 dxe4 6. Bxe4 Nf6 7. d3 Nxe4 8. dxe4
Qxd1+ 9. Kxd1 O-O 10. Bb2 Nc6 11. Nbd2 Bg4 12. h3 Be6 13. Rc1 Rad8 14. g4 Ne5
15. Ne1 Bh6 16. Rc2 f5 17. c4 Nc6 18. exf5 gxf5 19. Nf3 Nb4 20. g5 Bg7 21. Bxg7
Kxg7 22. Rb2 Nd3 {White resigns} 0-1

[Event "Team 45 45 League T73"]
[Site "Internet Chess Club"]
[Date "2017.08.06"]
[Round "8"]
[White "idjit"]
[Black "Beetlejuice"]
[Result "1/2-1/2"]
[WhiteElo "1639"]
[BlackElo "1745"]
[Opening "Sicilian: Taimanov (Bastrikov) variation"]
[ECO "B47"]
[Time "11:00:21"]
[TimeControl "2700+45"]

1. e4 c5 2. Nf3 e6 3. d4 cxd4 4. Nxd4 Nc6 5. Nc3 Qc7 6. Be2 a6 7. O-O Nf6 8. Be3
Bb4 9. Na4 Be7 10. f4 Nxe4 11. Bf3 d5 12. c4 O-O 13. cxd5 exd5 14. Rc1 Bd7 15.
Nxc6 Bxc6 16. Qxd5 Nf6 17. Qc4 Qa5 18. Bxc6 Rac8 19. Bb6 Qf5 20. Qe2 bxc6 21.
Qxe7 Qb5 22. b3 Nd5 23. Qc5 Qe2 24. Nc3 Nxc3 25. Rxc3 Rfe8 26. Re3 Qxa2 27.
Rxe8+ Rxe8 28. Qxc6 Qe2 29. Bf2 Re6 30. Qd5 h6 31. Re1 Qg4 32. Rxe6 fxe6 33.
Qa8+ Kh7 34. Qxa6 Qd1+ 35. Qf1 Qxb3 36. Bg3 Qe3+ 37. Kh1 Kh8 38. h3 Qxg3 {Game
drawn by mutual agreement} 1/2-1/2

[Event "Team 45 45 League T73"]
[Site "Internet Chess Club"]
[Date "2017.08.05"]
[Round "8"]
[White "Fianchettoed"]
[Black "AVEMARIA"]
[Result "1-0"]
[WhiteElo "1815"]
[BlackElo "1632"]
[Opening "Catalan: closed, main line"]
[ECO "E09"]
[Time "13:00:37"]
[TimeControl "2700+45"]

1. d4 d5 2. c4 c6 3. Qc2 Nf6 4. Nf3 e6 5. g3 Be7 6. Bg2 O-O 7. O-O Nbd7 8. Nbd2
b6 9. e4 dxe4 10. Nxe4 Bb7 11. Bf4 Nxe4 12. Qxe4 Nf6 13. Qc2 Nh5 14. Be3 Qc7 15.
c5 Rac8 16. Ng5 g6 17. Ne4 Rfd8 18. Rad1 Rd7 19. Qc1 Qd8 20. Bh3 Nf6 21. Ng5
bxc5 22. dxc5 Rxd1 23. Rxd1 Qa5 24. Nxe6 Nd5 25. a3 Re8 26. b4 Qa4 27. Nd4 Bf6
28. Bh6 Nc3 29. Re1 Rxe1+ 30. Qxe1 Qd1 31. Qxd1 Nxd1 32. Nc2 Nc3 33. Bg2 Ne2+
34. Kf1 Nd4 35. Nxd4 Bxd4 36. Bc1 a6 37. Be3 Bc3 38. Ke2 Kf8 39. Kd3 Bf6 40. a4
Ke7 41. b5 axb5 42. axb5 Kd7 43. Bh3+ Kd8 44. Kc4 Be5 45. f4 Bb2 46. f5 Be5 47.
fxg6 hxg6 48. Bf4 Bxf4 49. gxf4 cxb5+ 50. Kxb5 Kc7 51. Kb4 f6 52. Bf1 g5 53.
fxg5 fxg5 54. Bh3 Bd5 55. Kb5 Bc6+ 56. Kc4 Bf3 57. Kd4 Kc6 58. Bf5 Bg2 59. h3
Bf1 60. Bg4 Bg2 61. Bf5 Kc7 62. Ke5 Bf3 63. Kf6 Kc6 64. Kxg5 Kxc5 65. Bg4 Bc6
66. h4 Kd6 67. Kf6 Be8 68. Bf5 Bh5 69. Bg6 Bg4 70. Kg5 Be2 71. Kf6 Bf3 72. Bf5
Be2 73. Kg5 Ke5 74. Bg4 Bc4 75. h5 Bg8 76. Kg6 Kf4 77. Bd7 Bd5 78. h6 Be4+ 79.
Kg7 Kg5 80. Be8 Bf5 81. Bf7 Be4 82. Bg8 Bf5 83. Bh7 Be6 84. Bc2 Bg8 85. Bb3 Bh7
86. Kxh7 Kf6 87. Kg8 {Black resigns} 1-0

[Event "Team 45 45 League T73"]
[Site "Internet Chess Club"]
[Date "2017.08.06"]
[Round "8"]
[White "JSCOL"]
[Black "Monterrey"]
[Result "1-0"]
[WhiteElo "2114"]
[BlackElo "1978"]
[Opening "French: Winawer, advance, poisoned pawn, Konstantinopolsky variation"]
[ECO "C18"]
[Time "11:00:25"]
[TimeControl "2700+45"]

1. e4 e6 2. d4 d5 3. Nc3 Bb4 4. e5 c5 5. a3 Bxc3+ 6. bxc3 Ne7 7. Qg4 Qc7 8. Qxg7
Rg8 9. Qxh7 cxd4 10. Ne2 Nbc6 11. Bf4 dxc3 12. Qd3 Nxe5 13. Qxc3 Qxc3+ 14. Nxc3
N5g6 15. Bg5 Nf8 16. h4 Nh7 17. Bf4 a6 18. Na4 b5 19. Nb6 Ra7 20. Nxc8 Nxc8 21.
a4 e5 22. Bd2 bxa4 23. Rxa4 Rc7 24. Rxa6 f6 25. g3 Rxc2 26. Bd3 Rc7 27. O-O e4
28. Re1 Kf7 29. Bf4 Rc3 30. Be2 Nf8 31. Bh5+ Ke7 32. Rb1 Nd7 33. Rb7 Kd8 34. Bf7
Rf8 35. Bxd5 Nc5 36. Rc6 Nxb7 37. Rxc3 Nbd6 38. h5 Kd7 39. Rc6 Rh8 40. h6 Rh7
41. Kg2 Rh8 42. Kh3 {Black resigns} 1-0

[Event "Team 45 45 League T73"]
[Site "Internet Chess Club"]
[Date "2017.08.07"]
[Round "8"]
[White "laurenpar"]
[Black "f5"]
[Result "0-1"]
[WhiteElo "1889"]
[BlackElo "2044"]
[Opening "English: Anglo-Dutch defense"]
[ECO "A87"]
[Time "22:02:00"]
[TimeControl "2700+45"]

1. c4 f5 2. Nf3 Nf6 3. g3 g6 4. Bg2 Bg7 5. O-O d6 6. d4 O-O 7. Nc3 Qe8 8. d5 Na6
9. Be3 Bd7 10. Qd2 c5 11. Bh6 Bxh6 12. Qxh6 Qf7 13. e4 Ng4 14. Qd2 f4 15. Rae1
Ne5 16. b3 Qf6 17. gxf4 Nxf3+ 18. Bxf3 Qxf4 19. Qxf4 Rxf4 20. Bg2 Nb4 21. Re3
Nc2 22. Rf3 Rxf3 23. Bxf3 Nd4 24. Bd1 Bh3 25. Re1 Rf8 26. Re3 Bd7 27. e5 dxe5
28. Rxe5 Rf7 29. Ne4 b6 30. Kg2 h6 31. h3 Bf5 32. Ng3 Kf8 33. Ne2 Nxe2 34. Rxe2
g5 35. Bc2 Bd7 36. Bg6 Rf4 37. Kg3 Rh4 38. f3 Rxh3+ 39. Kg2 Rh4 40. Re5 Rf4 41.
Kg3 Rf6 42. Bh5 e6 43. d6 Be8 44. Bg4 Bf7 45. Re2 Ke8 46. Rd2 Kd7 47. a3 Rf4 48.
Bh3 Rd4 {White resigns} 0-1

[Event "Team 45 45 League T73"]
[Site "Internet Chess Club"]
[Date "2017.08.07"]
[Round "8"]
[White "santiagoelawad"]
[Black "achessman"]
[Result "1-0"]
[WhiteElo "1981"]
[BlackElo "1865"]
[Opening "English: Anglo-Dutch defense"]
[ECO "A10"]
[Time "22:13:32"]
[TimeControl "2700+45"]

1. c4 f5 2. Nf3 Nf6 3. g3 e6 4. Bg2 d5 5. O-O Bd6 6. Nc3 c6 7. d3 O-O 8. Rb1 Qe7
9. a3 a5 10. e4 fxe4 11. dxe4 dxe4 12. Ng5 Nbd7 13. Ngxe4 Bc7 14. Bg5 h6 15. Be3
Rd8 16. Qc2 Ng4 17. Bd2 Nge5 18. Ne2 Rf8 19. Qc3 Ng6 20. Rbe1 e5 21. Be3 a4 22.
Rd1 Rf7 23. c5 Nf6 24. Nd6 Bxd6 25. cxd6 Qe6 26. Qd3 Qf5 27. Nc3 Qxd3 28. Rxd3
Be6 29. Re1 Bc4 30. Rd2 Nf8 31. h3 N8d7 32. g4 Ra5 33. Kh2 Nd5 34. Be4 Nxc3 35.
bxc3 Kf8 36. Rb1 Bb3 37. Bf5 Ra8 38. Kg3 b5 39. Be4 Rc8 40. g5 hxg5 41. Bxg5 Nf6
42. Bg6 Rd8 43. Bxf7 Kxf7 44. Re1 Bd5 45. Rxe5 Rxd6 46. Bxf6 Rxf6 47. f4 Rg6+
48. Rg5 Re6 49. Re5 Rg6+ 50. Kh2 Rh6 51. Rde2 Kg6 52. Kg3 Bc4 53. Rd2 Kh7 54. f5
Rf6 55. Rd7 Kh6 56. Kg4 g6 57. Ree7 Bg8 58. Rd8 gxf5+ 59. Kf4 Rg6 60. Kxf5 Rg1
61. Rd6+ Kh5 62. Rxc6 Rf1+ 63. Ke5 Bc4 64. Rg7 Rf3 65. Rxc4 bxc4 66. Kd4 Rf4+
67. Kc5 Kh4 68. Rg4+ Rxg4 69. hxg4 Kxg4 70. Kxc4 {Black resigns} 1-0

[Event "Team 45 45 League T73"]
[Site "Internet Chess Club"]
[Date "2017.08.07"]
[Round "8"]
[White "bobhill"]
[Black "Heian"]
[Result "1-0"]
[WhiteElo "1909"]
[BlackElo "1636"]
[Opening "Queen's pawn game"]
[ECO "D02"]
[Time "19:06:24"]
[TimeControl "2700+45"]

1. d4 d5 2. Nf3 e6 3. Bg5 Be7 4. Bxe7 Qxe7 5. c3 c6 6. Nbd2 f5 7. Ne5 Nf6 8. e3
Nbd7 9. f4 O-O 10. Bd3 Nxe5 11. fxe5 Ng4 12. Qe2 Qg5 13. Nf1 Qh4+ 14. g3 Qh3 15.
O-O-O Bd7 16. Nd2 Qh6 17. Rde1 Qg5 18. h3 Nh6 19. Nf3 Qe7 20. Reg1 b6 21. g4 c5
22. g5 Nf7 23. g6 Nh6 24. gxh7+ Kxh7 25. Qg2 Be8 26. Ng5+ Kh8 27. Nxe6 Rg8 28.
Nf4 Rd8 29. Ng6+ Bxg6 30. Qxg6 cxd4 31. exd4 Qh4 32. Qg5 Qxg5+ 33. Rxg5 g6 34.
Rh2 Rd7 35. Be2 Rh7 36. h4 Nf7 37. Rgg2 Nd8 38. Bf3 Rd7 39. Bd1 Ne6 40. Rf2 Rc7
41. Kb1 Rf7 42. Bb3 Rd8 43. Bc2 Rdf8 44. a3 a5 45. Bb3 Rd8 46. Rhg2 Kh7 47. Rg1
Kh6 48. Ba4 Rb8 49. Bc2 b5 50. h5 gxh5 51. Bxf5 Ng5 52. e6 Rf6 53. e7 Re8 54.
Bd7 Rxf2 55. Bxe8 Re2 56. Rh1 Nf3 57. Rxh5+ Kg7 58. Bxb5 Rxe7 59. Rxd5 Re1+ 60.
Kc2 Rg1 61. b4 Rg2+ 62. Kd3 axb4 63. axb4 Ne1+ 64. Ke4 Rc2 65. Rc5 Kf6 66. Bd3
Rd2 67. Rf5+ Ke6 68. Bc4+ Kd6 69. Rf6+ Kd7 70. Kd5 Nc2 71. Bb5+ Kc7 72. Kc5 Na3
73. Rf7+ Kd8 74. Bc6 Rc2 75. Rf3 Nb1 76. Kd6 {Black resigns} 1-0

[Event "Team 45 45 League T73"]
[Site "Internet Chess Club"]
[Date "2017.08.04"]
[Round "8"]
[White "primerpaso"]
[Black "Packerfan"]
[Result "1-0"]
[WhiteElo "1865"]
[BlackElo "1769"]
[Opening "English: Carls' Bremen system"]
[ECO "A22"]
[Time "14:30:19"]
[TimeControl "2700+45"]

1. c4 Nf6 2. Nc3 e5 3. g3 Nc6 4. Bg2 d6 5. e3 Be7 6. Nge2 O-O 7. O-O Bg4 8. h3
Bd7 9. b3 Qc8 10. Kh2 Re8 11. Bb2 Bf8 12. d4 exd4 13. exd4 Bf5 14. a3 a5 15. Qd2
Ne4 16. Nxe4 Bxe4 17. f3 Bf5 18. g4 Bd7 19. d5 Ne5 20. Ng3 a4 21. f4 Ng6 22. b4
b5 23. cxb5 Bxb5 24. Rf2 Qd7 25. Qc3 f6 26. Nf5 Re2 27. Rf3 Rae8 28. Nd4 Rxg2+
29. Kxg2 Nh4+ 30. Kg3 Nxf3 31. Kxf3 Qe7 32. Ne6 c6 33. f5 cxd5 34. Qd4 Bd7 35.
Re1 Bc6 36. b5 Bxb5 37. Qxd5 Kh8 38. Qxb5 Rc8 39. Bd4 h6 40. Qxa4 d5 41. Re3 Rc1
42. Nxf8 Qxf8 43. Re8 Rf1+ 44. Kg2 {Black resigns} 1-0

[Event "Team 45 45 League T73"]
[Site "Internet Chess Club"]
[Date "2017.08.08"]
[Round "8"]
[White "harlyman"]
[Black "VictorRed"]
[Result "1/2-1/2"]
[WhiteElo "1733"]
[BlackElo "1727"]
[Opening "QGD"]
[ECO "D52"]
[Time "12:08:17"]
[TimeControl "2700+45"]

1. d4 d5 2. c4 c6 3. Nc3 Nf6 4. Nf3 e6 5. Bg5 Nbd7 6. e3 Be7 7. Be2 O-O 8. O-O
h6 9. Bh4 b6 10. Rc1 Bb7 11. cxd5 cxd5 12. Nb5 a6 13. Nc3 Rc8 14. Ne5 Nxe5 15.
dxe5 Nd7 16. Bxe7 Qxe7 17. f4 Rc7 18. Nxd5 Bxd5 19. Rxc7 Qd8 {Game drawn by
mutual agreement} 1/2-1/2

[Event "Team 45 45 League T73"]
[Site "Internet Chess Club"]
[Date "2017.08.04"]
[Round "8"]
[White "Andaluz"]
[Black "tryanything"]
[Result "0-1"]
[WhiteElo "1301"]
[BlackElo "1557"]
[Opening "Ruy Lopez: open (Tarrasch) defense"]
[ECO "C80"]
[Time "05:00:31"]
[TimeControl "2700+45"]

1. e4 e5 2. Nf3 Nc6 3. Bb5 a6 4. Ba4 Nf6 5. O-O Nxe4 6. Re1 Nc5 7. Bxc6 dxc6 8.
Rxe5+ Be7 9. d4 Ne6 10. c3 O-O 11. Na3 Bd6 12. Re4 Re8 13. Nc4 Nf8 14. Nxd6 cxd6
15. Rxe8 Qxe8 16. Bf4 d5 17. Qe1 Bg4 18. Ne5 Be6 19. Qe3 f6 20. Nc4 dxc4 21. Re1
Bd7 22. Qd2 Qf7 23. Bg3 Re8 24. f3 Rxe1+ 25. Qxe1 Qe6 26. Qd2 Ng6 27. Kf2 b5 28.
Kf1 a5 29. a3 a4 30. Qc1 Ne7 31. Bf2 Nd5 32. Qd2 g5 33. Kg1 Kg7 34. Kf1 h5 35.
Kg1 Kg6 36. Qc2+ Qf5 37. Qd2 h4 38. h3 Nf4 39. Kh2 Nd3 40. Be3 Qd5 41. Kg1 Qd6
42. Qc2 Bf5 43. Qd2 Qg3 44. Bf2 Nxf2 45. Qxf2 Qxf2+ 46. Kxf2 Be6 47. Ke3 Kf5 48.
Ke2 Kf4 49. Kf2 Bd5 50. Ke2 f5 51. Kf2 g4 52. fxg4 fxg4 53. hxg4 Kxg4 54. Kg1
Kg3 55. Kf1 Bxg2+ {White resigns} 0-1

[Event "Team 45 45 League T73"]
[Site "Internet Chess Club"]
[Date "2017.08.03"]
[Round "8"]
[White "kutch"]
[Black "olivermx"]
[Result "1-0"]
[WhiteElo "1519"]
[BlackElo "1331"]
[Opening "QGD: 4.Bg5"]
[ECO "D50"]
[Time "19:20:08"]
[TimeControl "2700+45"]

1. d4 d5 2. c4 e6 3. Nc3 Nf6 4. Bg5 c6 5. e3 Be7 6. Nf3 O-O 7. Bd3 Bd7 8. Qc2 h6
9. Bh4 b6 10. O-O dxc4 11. Bxc4 b5 12. Bd3 Na6 13. a3 Nc7 14. Rac1 Ncd5 15. Ne4
Nxe4 16. Bxe7 Qxe7 17. Bxe4 Nf6 18. Bd3 Rac8 19. Ne5 Rc7 20. Bxb5 Rcc8 21. Ba4
Qd6 22. Qc5 Qb8 23. b4 Ne4 24. Qc2 Nf6 25. Qe2 Qb7 26. Rc2 Rc7 27. Rfc1 Rfc8 28.
f3 Qb6 29. Qc4 Be8 30. Qe2 Qb7 31. Bb3 Nd7 32. Nxd7 Bxd7 33. Bc4 Rd8 34. Ba6 Qb6
35. b5 Bc8 36. Rxc6 Rxc6 37. Rxc6 Qb8 38. Rxc8 Rxc8 39. Bxc8 Qxc8 40. Qb2 g5 41.
a4 Qc4 42. a5 Qd3 43. Kf2 g4 44. b6 axb6 45. axb6 gxf3 46. gxf3 Qf5 47. b7 Qh3
48. b8=Q+ Kg7 49. Qg3+ {Black resigns} 1-0

[Event "Team 45 45 League T73"]
[Site "Internet Chess Club"]
[Date "2017.08.05"]
[Round "8"]
[White "WillC"]
[Black "parrot9"]
[Result "1/2-1/2"]
[WhiteElo "1643"]
[BlackElo "1656"]
[Opening "Queen's pawn game"]
[ECO "D05"]
[Time "09:12:02"]
[TimeControl "2700+45"]

1. d4 d5 2. Nf3 Nf6 3. e3 e6 4. Be2 a6 5. O-O Be7 6. b3 b5 7. Bb2 Bb7 8. Nbd2
Nbd7 9. Ne5 O-O 10. f4 c5 11. c4 b4 12. Bd3 Ne4 13. Rc1 f5 14. Qe2 Nxe5 15. dxe5
a5 16. Bxe4 dxe4 17. Rfd1 Qb6 18. Nf1 Rfd8 19. Ng3 a4 20. Rxd8+ Qxd8 21. Rd1 Qe8
22. Rd2 a3 23. Bc1 Rd8 24. Qd1 Rxd2 25. Qxd2 Qd8 26. Ne2 Qxd2 27. Bxd2 h5 28. h3
Bh4 29. g3 Be7 30. Be1 Bc6 31. Kg2 g6 32. g4 hxg4 33. hxg4 Kg7 34. Kh3 Be8 35.
Bh4 Bxh4 36. Kxh4 Kh6 37. Ng3 Bd7 38. gxf5 gxf5 39. Nh5 Kg6 40. Nf6 Bc6 41. Ng8
Kf7 42. Kg5 Kxg8 43. Kf6 Be8 44. Kxe6 Bf7+ 45. Kd6 Bxc4 46. Kxc5 Bxb3 47. Kxb4
Bxa2 48. Kxa3 Bd5 49. Kb4 Kf7 50. Kc5 Ke6 51. Kd4 Bb3 52. Kc5 Ba2 53. Kd4 Ke7
54. Kc5 Kd7 55. Kb5 Ke7 56. Kc5 Be6 57. Kb5 Bc8 58. Kc6 Ke6 59. Kc5 Ba6 60. Kc6
Bc4 61. Kc5 Bd5 62. Kb5 Kd7 63. Kc5 Ba2 64. Kb5 Kc7 65. Kc5 Bf7 66. Kb5 Kd7 67.
Kc5 Ke6 68. Kc6 Be8+ 69. Kc5 Bh5 70. Kc6 {Game drawn by mutual agreement}
1/2-1/2

[Event "Team 45 45 League T73"]
[Site "Internet Chess Club"]
[Date "2017.08.02"]
[Round "8"]
[White "Gojira"]
[Black "Mitochondria"]
[Result "1-0"]
[WhiteElo "1636"]
[BlackElo "1581"]
[Opening "Queen's pawn: London system"]
[ECO "A45"]
[Time "20:01:22"]
[TimeControl "2700+45"]

1. d4 Nf6 2. Bf4 d6 3. Nf3 g6 4. e3 Bg7 5. h3 O-O 6. Be2 Nc6 7. O-O e5 8. dxe5
Nxe5 9. Nxe5 dxe5 10. Qxd8 Rxd8 11. Bxe5 Bf5 12. c3 Rd7 13. Bf3 c6 14. Na3 Rad8
15. Rad1 Be4 16. Bxf6 Bxf3 17. Rxd7 Rxd7 18. Bxg7 Bd5 19. Bd4 b6 20. c4 Be6 21.
f3 Kf8 22. Kf2 f5 23. b3 Ke8 24. Ke2 f4 25. Rd1 fxe3 26. Bxe3 Re7 27. Nc2 c5 28.
Kf2 Bf5 29. Rd2 Bd7 30. Bf4 Bf5 31. g4 Bc8 32. Re2 Bb7 33. Rxe7+ Kxe7 34. Bb8 a6
35. Ba7 Kd7 36. Bxb6 Kc6 37. Ba7 Ba8 38. Ne3 a5 39. Nd5 Kb7 40. Bxc5 {Black
resigns} 1-0

[Event "Team 45 45 League T73"]
[Site "Internet Chess Club"]
[Date "2017.08.06"]
[Round "8"]
[White "Scorpius"]
[Black "crazyhorses"]
[Result "0-1"]
[WhiteElo "1352"]
[BlackElo "1427"]
[Opening "Blackmar gambit"]
[ECO "D00"]
[Time "13:05:46"]
[TimeControl "2700+45"]

1. d4 d5 2. e4 dxe4 3. Nc3 Nf6 4. f3 e6 5. fxe4 Bb4 6. Bg5 h6 7. Bxf6 Qxf6 8.
Nf3 O-O 9. Bd3 c5 10. e5 Qd8 11. Qd2 cxd4 12. Nxd4 b6 13. Be4 Qh4+ {White
resigns} 0-1

[Event "Team 45 45 League T73"]
[Site "Internet Chess Club"]
[Date "2017.08.05"]
[Round "8"]
[White "drsigmund1"]
[Black "GideonL"]
[Result "1-0"]
[WhiteElo "1458"]
[BlackElo "1341"]
[Opening "Queen's pawn, Mason variation"]
[ECO "D00"]
[Time "13:03:11"]
[TimeControl "2700+45"]

1. d4 d5 2. Bf4 Nf6 3. e3 e6 4. Nf3 Bd6 5. Ne5 O-O 6. Bd3 h6 7. Nd2 Nbd7 8. h3
c6 9. Nxf7 Rxf7 10. Bxd6 Nb6 11. Bh2 Bd7 12. Bg6 Rf8 13. Bd6 Be8 14. Bxf8 Bxg6
15. Ba3 Nbd7 16. O-O Ne4 17. Nxe4 Bxe4 18. f3 Bg6 19. Qe2 Nb6 20. b3 Nd7 21. e4
dxe4 22. fxe4 Nf6 23. Rad1 Bxe4 24. Rxf6 Qxf6 25. Qxe4 Qf5 26. Re1 Qxe4 27. Rxe4
Re8 28. c4 Kf7 29. Rf4+ Kg6 30. Rf8 Rxf8 31. Bxf8 Kf7 32. Bd6 Kf6 33. Be5+ Kf7
34. b4 g6 35. Kf2 g5 36. g4 Kg6 37. Ke3 h5 38. Ke4 hxg4 39. hxg4 Kf7 40. d5
cxd5+ 41. cxd5 exd5+ 42. Kxd5 Ke7 43. a4 a6 44. Kc5 Ke6 45. Bg7 Kd7 {Black
resigns} 1-0

[Event "Team 45 45 League T73"]
[Site "Internet Chess Club"]
[Date "2017.08.02"]
[Round "8"]
[White "seattleblues"]
[Black "dabodhi"]
[Result "1-0"]
[WhiteElo "1304"]
[BlackElo "1309"]
[Opening "QGD semi-Slav"]
[ECO "D43"]
[Time "21:09:34"]
[TimeControl "2700+45"]

1. d4 d5 2. Nf3 Nf6 3. c4 c6 4. Nc3 e6 5. Bf4 dxc4 6. a4 Bb4 7. Qc2 Nd5 8. Bg3
Qa5 9. Rc1 b5 10. e4 Nb6 11. axb5 Qxb5 12. Be2 N8d7 13. O-O Bxc3 14. bxc3 c5 15.
Rb1 Qc6 16. Nd2 Bb7 17. Bf3 Qc8 18. Qa2 cxd4 19. cxd4 c3 20. Rfc1 Nf6 21. e5
Bxf3 22. Nxf3 Nfd5 23. Ne1 O-O 24. Nd3 Nc4 25. Nc5 Ncb6 26. Ne4 Nc4 27. Nxc3 Qc6
28. Ne4 Ndb6 29. Nd6 Qd5 30. Nxc4 Nxc4 31. Qxc4 Qd7 32. Bf4 Rfc8 33. Qb4 Rab8
34. Qxb8 {Black resigns} 1-0

[Event "Team 45 45 League T73"]
[Site "Internet Chess Club"]
[Date "2017.08.05"]
[Round "8"]
[White "Just-Jim"]
[Black "joaoazm"]
[Result "0-1"]
[WhiteElo "1235"]
[BlackElo "1261"]
[Opening "Réti opening"]
[ECO "A04"]
[Time "19:00:15"]
[TimeControl "2700+45"]

1. Nf3 c5 2. e3 g6 3. Bc4 d5 4. Bb5+ Bd7 5. Bxd7+ Nxd7 6. O-O Bg7 7. d4 e6 8.
Nc3 Ne7 9. e4 cxd4 10. Nxd4 Qb6 11. Ndb5 d4 12. Nxd4 Bxd4 13. Na4 Qb5 14. Qxd4
e5 15. Nc3 Qxf1+ 16. Kxf1 exd4 17. Nb5 O-O 18. Bh6 Rfd8 19. Bg5 f6 20. Bh6 Nc5
21. e5 fxe5 22. Bg5 Rd7 23. Re1 Nc6 24. Bf6 a6 25. Na3 d3 26. Nc4 dxc2 27. Bg5
Rd1 28. Nxe5 Nxe5 29. Ke2 Rad8 30. b4 Ne4 31. Bxd8 Rxe1+ 32. Kxe1 c1=Q+ 33. Ke2
Qd2+ 34. Kf1 Qd1# {White checkmated} 0-1

[Event "Team 45 45 League T73"]
[Site "Internet Chess Club"]
[Date "2017.08.03"]
[Round "8"]
[White "grekor"]
[Black "Xbug"]
[Result "1-0"]
[WhiteElo "1124"]
[BlackElo "1152"]
[Opening "Sicilian defense"]
[ECO "B20"]
[Time "15:02:09"]
[TimeControl "2700+45"]

1. e4 c5 2. Bc4 d6 3. Nf3 Nc6 4. Bb5 Bd7 5. Nc3 Nf6 6. O-O g6 7. d3 Bg7 8. Bg5
O-O 9. Qd2 Nb8 10. Bh6 Bxb5 11. Bxg7 Kxg7 12. Nxb5 Qb6 13. c4 Nc6 14. Nc3 e6 15.
h3 Nd4 16. Nxd4 cxd4 17. Ne2 e5 18. Ng3 Qc6 19. Qg5 Rfc8 20. Nf5+ Kg8 21. Nh6+
Kg7 22. Nf5+ Kf8 23. Qxf6 gxf5 24. Qh8+ Ke7 25. Qg7 fxe4 26. Qg5+ f6 27. Qg7+
Ke6 28. f4 d5 29. Qg4+ f5 30. Qh5 dxc4 31. Qh6+ Kd7 32. Qg7+ Kd6 33. Qxe5+ Kd7
34. Qg7+ Kd8 35. dxc4 Qxc4 36. Rfd1 d3 37. Qf8+ Kd7 38. Qg7+ Ke8 39. Qh8+ Ke7
40. Qg7+ Qf7 41. Qe5+ Kf8 42. Qh8+ Ke7 43. Qe5+ Kd7 44. Qd4+ Ke8 45. Qh8+ Ke7
46. Qe5+ Kf8 47. Qh8+ Ke7 48. Qe5+ Kd7 49. Qd4+ Kc7 50. Rdc1+ Kb8 51. Qd6+ Rc7
52. Qd8+ Rc8 {Black resigns} 1-0

[Event "Team 45 45 League T73"]
[Site "Internet Chess Club"]
[Date "2017.08.07"]
[Round "8"]
[White "ChessMaine"]
[Black "JohLeb"]
[Result "0-1"]
[WhiteElo "1489"]
[BlackElo "1534"]
[Opening "Queen's pawn: stonewall attack"]
[ECO "D00"]
[Time "20:01:15"]
[TimeControl "2700+45"]

1. d4 d5 2. e3 Nf6 3. Bd3 Nc6 4. Nf3 Bg4 5. Nbd2 e6 6. c3 Be7 7. Qb3 Rb8 8. h3
Bh5 9. c4 Bb4 10. cxd5 Bxf3 11. gxf3 Bxd2+ 12. Bxd2 Qxd5 13. Qd1 O-O 14. Bc3
Rfe8 15. Qe2 Qd6 16. O-O-O Nb4 17. Bb1 Nbd5 18. Be1 b5 19. e4 Nf4 20. Qc2 e5 21.
dxe5 Qxe5 22. Bc3 Qg5 23. b3 Nd3# {White checkmated} 0-1